 Dungeon Crawl Stone Soup version 0.31-a0-174-g85c54bcb58 (webtiles) character file.

Game seed: 11666764748764556021

1349 qw the Blocker (level 8, 0/48 HPs)
             Began as a Gargoyle Fighter on June 15, 2023.
             Slain by Duvessa
             ... wielding a +1 short sword of holy wrath
              (9 damage)
             ... on level 5 of the Dungeon.
             The game lasted 00:02:09 (4655 turns).

qw the Blocker (Gargoyle Fighter)                   Turns: 4655, Time: 00:02:09

Health: 0/48       AC: 17    Str: 22    XL:     8   Next: 63%
Magic:  8/8        EV:  4    Int:  9    God:
Gold:   277        SH: 14    Dex:  9    Spells: 7/7 levels left

rFire   . . .        Y - +1 war axe (freeze)
rCold   . . .        n - +0 tower shield
rNeg    + . .        r - +0 plate armour
rPois   inf          (no helmet)
rElec   +            (no cloak)
rCorr   .            (no gloves)
SInv    .            (no boots)
Will    .....        (no amulet) Stlth
                     (no ring)
HPRegen 0.28/turn    (no ring)
MPRegen 0.11/turn

%: no passive effects
@: lit by a corona, glowing
A: sickness immunity, AC +5, negative energy resistance 1, electricity
resistance, torment resistance 1, petrification resistance
a: no special abilities


You were on level 5 of the Dungeon.
You visited 1 branch of the dungeon, and saw 6 of its levels.

You collected 277 gold pieces.


Innate Abilities, Weirdness & Mutations

You are immune to sickness and miasma.
Your stone body is resilient. (AC +5)
You are immune to poison.
You resist negative energy. (rN+)
You are resistant to electric shocks. (rElec)
You are resistant to unholy torment.
You are immune to petrification.


   Skills:
 - Level 4.6 Fighting
 + Level 5.4 Axes
 - Level 1.6 Throwing
 - Level 3.2 Armour
 - Level 9.0 Shields


You had 7 spell levels left.
You didn't know any spells.
Your spell library was empty.

Inventory:

Hand Weapons
 o - a +0 flail
 Y - a +1 war axe of freezing (weapon)
Missiles
 m - 3 boomerangs
 q - 2 javelins (quivered)
Armour
 n - a +0 tower shield (worn)
 r - a +0 plate armour (worn)
Scrolls
 f - a scroll of teleportation
 l - a scroll of identify
Potions
 a - a potion of attraction
 b - a potion of brilliance {unknown}
 d - 3 potions of might
 e - a potion of enlightenment {unknown}
 g - a potion of curing {unknown}
 h - a potion of degeneration {unknown}
 i - a potion of resistance
 j - 3 potions of heal wounds

Dungeon Overview and Level Annotations

Branches:
Dungeon (6/15)
 Temple: D:4-7

Altars:
Ashenzari
Dithmenos
Ru

Annotations:
D:4 3 runed translucent doors, qw's ghost, amateur GrFi
D:5 Dowan; Duvessa


Message History

Duvessa hits you but does no damage.
The kobold brigand throws a poisoned dart.
Something hits you!
Duvessa hits you with a +1 short sword of holy wrath.
Dowan casts a spell.
Dowan blinks!
You hear some strange, mumbled words.
A puff of flame appears from out of thin air!
The puff of flame hits you. Duvessa hits you but does no damage.
Something hits you but does no damage.
The kobold brigand throws a poisoned dart.
Duvessa hits you but does no damage.
You feel less confused.
Duvessa hits you with a +1 short sword of holy wrath.
You hear some strange, mumbled words.
A magic dart appears from out of thin air!
The magic dart hits you.
You hit Duvessa but do no damage.
Duvessa is heavily wounded.
You closely miss something. You block Duvessa's attack.
Something hits you but does no damage.
You barely miss Duvessa.
Duvessa is heavily wounded.
You hit something. You freeze something.
Reactivating autopickup.
You feel a bit more experienced. You block Duvessa's attack.
Duvessa says, "Where magic fails, the sword succeeds!"
You block Duvessa's attack. You block the kobold brigand's attack.
You hit Duvessa. You freeze Duvessa.
Duvessa is heavily wounded.
You closely miss the kobold brigand.
Duvessa says, "Practise, practise, practise!
One day you'll be as good as me." Duvessa hits you but does no damage.
You block the kobold brigand's attack.
You slash Duvessa! You freeze Duvessa.
Duvessa is almost dead.
You closely miss the kobold brigand.
Duvessa hits you with a +1 short sword of holy wrath!
You block the kobold brigand's attack.
Duvessa hits you with a +1 short sword of holy wrath!
You die...

# #.........##...).##.## #.......
# ############.....##.# #.......
# #........# #....... #..#..####
#....... ##...## #....... #..##
#....... #eK# #....... #####e#
#....... #...K@# #.......
############.##### #.......
#######....#.#### #######.
#######.........# #.
#######^##.#.##.################.
###....<.........................
#####.#.##.#.###################.
#####.#.##.#.....................
##......##.######################


You could see Duvessa, a kobold brigand, Dowan and a kobold.

Vanquished Creatures
  Grinder (D:4)
  Eustachio (D:5)
  A water moccasin (D:5)
  An ice beast (D:5)
  2 phantoms
  A scorpion (D:5)
  2 howler monkeys (D:4)
  2 orc priests
  A hound (D:5)
  2 jellies (D:4)
  2 iguanas (D:5)
  An orc wizard (D:5)
  6 gnolls
  5 adders
  4 worms
  3 dart slugs
  12 orcs
  10 endoplasms
  3 giant cockroaches
  8 goblins
  5 hobgoblins
  8 jackals
  10 kobolds
  5 quokkas
  3 ball pythons
  10 bats
  3 frilled lizards
  5 rats
117 creatures vanquished.

Vanquished Creatures (others)
  Sigmund (D:5)
1 creature vanquished.

Grand Total: 118 creatures vanquished

Notes
Turn   | Place    | Note
-------+----------+-------------------------------------------
     0 | D:1      | qw the Gargoyle Fighter began the quest for the Orb.
     0 | D:1      | Reached XP level 1. HP: 14/14 MP: 1/1
     0 | D:1      | 0 ||| qw: Version: 0.2-a-29-g511e9b1
     0 | D:1      | 0 ||| qw: Game counter: 5524
     0 | D:1      | 0 ||| qw: Always use a shield: true
     0 | D:1      | 0 ||| qw: God list: Okawaru
     0 | D:1      | 0 ||| qw: Allow faded altars: false
     0 | D:1      | 0 ||| qw: Do Orc after D:15 true
     0 | D:1      | 0 ||| qw: Do second Lair branch before Depths: true
     0 | D:1      | 0 ||| qw: Lair rune preference: random
     0 | D:1      | 0 ||| qw: Plans: Normal, Zot:1-4, Slime:5, God:TSO, Crypt,
                  | Tomb, Abyss, Pan, Hells, Win
     0 | D:1      | 0 ||| PLANNING D:1-11
    25 | D:1      | 25 ||| Stepping ~*~*~tactically~*~*~ (stealth).
    53 | D:1      | 53 ||| Stepping ~*~*~tactically~*~*~ (stealth).
    54 | D:1      | 54 ||| Stepping ~*~*~tactically~*~*~ (stealth).
    55 | D:1      | 55 ||| Stepping ~*~*~tactically~*~*~ (stealth).
    62 | D:1      | Reached XP level 2. HP: 17/19 MP: 2/2
   226 | D:1      | 226 ||| Stepping ~*~*~tactically~*~*~ (hiding).
   228 | D:1      | 228 ||| Stepping ~*~*~tactically~*~*~ (hiding).
   231 | D:1      | 231 ||| Stepping ~*~*~tactically~*~*~ (hiding).
   345 | D:1      | Reached skill level 3 in Axes
   392 | D:1      | Reached XP level 3. HP: 23/23 MP: 3/3
  1057 | D:1      | 1057 ||| DROPPING ring of magical power.
  1058 | D:1      | 1058 ||| READING scroll labelled HEUCET UTIASEM.
  1059 | D:1      | 1059 ||| READING scroll labelled XUYMYRO FIUTT.
  1060 | D:1      | 1060 ||| READING scroll labelled TULORU PEIHYU.
  1061 | D:1      | 1061 ||| READING 2 scrolls labelled FANNUNUO OPON.
  1159 | D:2      | Reached XP level 4. HP: 16/28 MP: 4/4
  1731 | D:2      | 1731 ||| DROPPING orb of wrath.
  1732 | D:2      | 1732 ||| READING scroll labelled QUTETU OLLA.
  1833 | D:2      | 1833 ||| READING scroll labelled KOERGH COTAIG.
  1834 | D:2      | 1834 ||| READING scroll labelled HOKEIR CORGHU.
  1838 | D:2      | 1838 ||| READING 2 scrolls of identify.
  1838 | D:2      | 1838 ||| IDENTIFYING blue potion
  1871 | D:3      | Reached XP level 5. HP: 32/32 MP: 5/5
  1873 | D:3      | Reached skill level 1 in Throwing
  1874 | D:3      | 1874 ||| DROPPING +0 whip.
  1916 | D:3      | 1916 ||| Stepping ~*~*~tactically~*~*~ (stealth).
  1949 | D:3      | 1949 ||| Stepping ~*~*~tactically~*~*~ (stealth).
  2172 | D:3      | 2172 ||| DROPPING +0 mace.
  2173 | D:3      | 2173 ||| DROPPING +0 mace of draining.
  2411 | D:3      | Found a broken altar of Ashenzari.
  2415 | D:3      | Saw a vision of the Shoals and the Spider Nest.
  2415 | D:3      | Noticed a water elemental
  2415 | D:3      | Noticed a culicivora
  2415 | D:3      | Noticed a skyshark
  2415 | D:3      | Noticed a radroach
  2415 | D:3      | Noticed a manticore
  2415 | D:3      | Noticed a sea snake
  2415 | D:3      | Noticed a kraken
  2415 | D:3      | Noticed a pharaoh ant
  2415 | D:3      | Noticed a snapping turtle
  2415 | D:3      | Noticed a wind drake
  2415 | D:3      | Noticed a torpor snail
  2415 | D:3      | Noticed a wolf spider
  2415 | D:3      | Noticed a tarantella
  2415 | D:3      | Noticed a jumping spider
  2415 | D:3      | Noticed a jumping spider
  2415 | D:3      | Noticed a demonic crawler
  2416 | D:3      | Noticed a merfolk siren
  2416 | D:3      | Noticed a snapping turtle
  2417 | D:3      | Noticed a skyshark
  2418 | D:3      | Noticed a tarantella
  2422 | D:3      | Noticed a jumping spider
  2444 | D:3      | 2444 ||| UPGRADING to +0 tower shield.
  2454 | D:3      | 2454 ||| DROPPING +0 buckler.
  2455 | D:3      | 2455 ||| READING scroll labelled LARPHI IKKOMA.
  2456 | D:3      | 2456 ||| READING scroll labelled ERIOLA HETSAE.
  2457 | D:3      | 2457 ||| READING 2 scrolls of identify.
  2457 | D:3      | 2457 ||| IDENTIFYING puce potion
  2569 | D:4      | Found a shadowy altar of Dithmenos.
  2607 | D:4      | Reached XP level 6. HP: 37/37 MP: 6/6
  2631 | D:4      | Reached skill level 4 in Shields
  2743 | D:4      | Found a runed translucent gate.
  2743 | D:4      | Found a runed translucent gate.
  2743 | D:4      | Found a runed translucent gate.
  2743 | D:4      | Noticed qw's ghost (amateur GrFi)
  2762 | D:4      | Noticed Grinder
  2763 | D:4      | 2763 ||| Stepping ~*~*~tactically~*~*~ (stealth).
  2771 | D:4      | 2771 ||| Stepping ~*~*~tactically~*~*~ (hiding).
  2772 | D:4      | 2772 ||| Stepping ~*~*~tactically~*~*~ (hiding).
  2785 | D:4      | Killed Grinder
  2786 | D:4      | Reached skill level 5 in Shields
  2916 | D:4      | Reached skill level 6 in Shields
  2916 | D:4      | Reached XP level 7. HP: 38/41 MP: 7/7
  2928 | D:4      | 2928 ||| FLEEEEING.
  3090 | D:4      | 3090 ||| Stepping ~*~*~tactically~*~*~ (stealth).
  3093 | D:4      | 3093 ||| Stepping ~*~*~tactically~*~*~ (hiding).
  3376 | D:4      | Found a sacrificial altar of Ru.
  3427 | D:4      | 3427 ||| Stepping ~*~*~tactically~*~*~ (stealth).
  3429 | D:4      | 3429 ||| Stepping ~*~*~tactically~*~*~ (hiding).
  3432 | D:4      | 3432 ||| Stepping ~*~*~tactically~*~*~ (stealth).
  3438 | D:4      | Reached skill level 7 in Shields
  3589 | D:4      | 3589 ||| UPGRADING to +0 plate armour.
  3599 | D:4      | 3599 ||| DROPPING +0 scale mail.
  3600 | D:4      | 3600 ||| READING scroll labelled NOFFUT CYGHISS.
  3601 | D:4      | 3601 ||| READING scroll labelled INUTUAFAHI.
  3602 | D:4      | 3602 ||| READING scroll labelled KUFIOMPINWI.
  3626 | D:5      | Entered Level 5 of the Dungeon
  3649 | D:5      | 3649 ||| READING scroll of brand weapon.
  3649 | D:5      | 3649 ||| BRANDING +1 war axe of draining.
  3650 | D:5      | 3650 ||| DROPPING +0 hand axe.
  3741 | D:5      | 3741 ||| Stepping ~*~*~tactically~*~*~ (stealth).
  3776 | D:5      | Reached skill level 8 in Shields
  3873 | D:5      | Reached XP level 8. HP: 46/46 MP: 8/8
  4031 | D:5      | Noticed Eustachio
  4075 | D:5      | Killed Eustachio
  4357 | D:5      | Reached skill level 9 in Shields
  4622 | D:5      | 4622 ||| READING scroll labelled BAZOCSE FIAN.
  4623 | D:5      | 4623 ||| READING 2 scrolls of identify.
  4623 | D:5      | 4623 ||| IDENTIFYING golden potion
  4637 | D:6      | Noticed Duvessa
  4637 | D:6      | Noticed Dowan
  4637 | D:6      | Noticed Sigmund
  4641 | D:6      | 4641 ||| STAIRDANCE
  4653 | D:5      | Killed Sigmund
  4655 | D:5      | HP: 9/48 [Duvessa/+1 short sword of holy wrath (8)]
  4655 | D:5      | Slain by Duvessa

Levels and vault maps discovered:
D:1:      onia_arrival_mini_spirals, layout_loops_ring,
          chequers_serial_rivers_large_a, hangedman_abyss_or_decor_lesser_grid,
          eino_curves_02, st_stairs_3
D:2:      layout_basic
D:3:      layout_rooms, grunt_ashenzari_visionary
          [grunt_ashenzari_visionary_shoals, grunt_ashenzari_visionary_spider],
          supply_closet_lemuel, uniq_crazy_yiuf_cottage
D:4:      layout_basic, mainiacjoe_overflow_tiny_flanked,
          nicolae_dithmenos_the_darkroom, ebering_ghost_rock_garden,
          fountainhead, uniq_grinder
D:5:      layout_basic, uniq_eustachio
D:6:      layout_cave_pools, minmay_temple_entry_drinking_statues, serial_shops,
          nicolae_shop_competitors_out_of_business,
          nicolae_shop_just_a_little_nook, water_maze_lemuel,
          uniq_prince_ribbit1, uniq_duvessa, uniq_blork_the_orc, uniq_sigmund,
          uniq_maggie

Skill      XL: |  1  2  3  4  5  6  7  8 |
---------------+-------------------------+-----
Axes           | 2 3 4 5 |  5.4
Throwing       | 1 |  1.6
Shields        | 6 8 9 |  9.0
Fighting       | 4 |  4.6
Armour         | |  3.2

Action                     |  1- 3 |  4- 6 |  7- 9 || total
---------------------------+-------+-------+-------++-------
  Melee: War axe           |    75 |    95 |   149 ||   319
  Throw: Javelin           |       |    33 |    23 ||    56
         Boomerang         |       |     8 |    15 ||    23
    Use: Scroll            |     4 |     7 |     6 ||    17
 Armour: Scale mail        |    33 |    48 |    13 ||    94
         Plate armour      |       |       |    78 ||    78
  Dodge: Dodged            |    43 |    19 |    24 ||    86
  Block: Buckler           |    10 |    11 |       ||    21
         Tower shield      |       |    25 |   124 ||   149

Table legend:
 A = Non-vault XP
 B = Vault XP
 C = Vault XP percentage of total XP
 D = Non-vault monster count
 E = Vault monster count
 F = Vault count percentage of total count
                 A         B        C        D         E       F
            +---------+---------+-------+---------+---------+-------
      Total |    1318 |     610 |  31.6 |     113 |       5 |   4.2
            +---------+---------+-------+---------+---------+-------
        D:1 |      43 |       3 |   6.5 |      22 |       2 |   8.3
        D:2 |     109 |       0 |   0.0 |      27 |       0 |   0.0
        D:3 |     126 |       0 |   0.0 |      32 |       0 |   0.0
        D:4 |     368 |     262 |  41.6 |      18 |       1 |   5.3
        D:5 |     672 |     345 |  33.9 |      14 |       2 |  12.5
            +---------+---------+-------+---------+---------+-------
